 Dungeon Crawl Stone Soup version 0.28.0 (webtiles) character file.

Game seed: 13739450860970387806

21 Prodoman the Magician (level 2, -4/19 HPs)
             Began as a Demonspawn Hedge Wizard on Feb 5, 2022.
             Slain by an adder (5 damage)
             ... on level 2 of the Dungeon.
             The game lasted 00:01:52 (889 turns).

Prodoman the Magician (Demonspawn Hedge Wizard)      Turns: 889, Time: 00:01:52

Health: -4/19      AC:  2    Str: 10    XL:     2   Next: 65%
Magic:  0/6        EV: 12    Int: 15    God:
Gold:   28         SH:  0    Dex: 12    Spells: 6/7 levels left

rFire   . . .      SeeInvis .   a - +0 dagger
rCold   . . .      Faith    .   (no shield)
rNeg    . . .      Spirit   .   b - +0 robe
rPois   .          Reflect  .   c - +0 hat
rElec   .          Harm     .   (no cloak)
rCorr   .          Rampage  .   (no gloves)
Will    .....                   (no boots)
Stlth   ++........              (no amulet)
HPRegen 0.06/turn               (no ring)
MPRegen 0.10/turn               (no ring)

@: lethally poisoned (-4 -> -14)
A: weakness stinger 1
a: no special abilities


You were on level 2 of the Dungeon.
You visited 1 branch of the dungeon, and saw 2 of its levels.

You collected 28 gold pieces.

Inventory:

Hand Weapons
 a - a +0 dagger (weapon)
Missiles
 e - 4 silver javelins
Armour
 b - a +0 robe (worn)
 c - a +0 hat (worn)
Potions
 d - 2 potions of curing {unknown}
 f - a potion of mutation {unknown}


   Skills:
 + Level 2.2 Dodging
 - Level 1.7 Stealth
 + Level 3.2 Spellcasting
 + Level 1.7 Conjurations
 - Level 1.0 Summonings
 - Level 0.9 Translocations


You had 6 spell levels left.
You knew the following spells:

 Your Spells              Type           Power      Damage    Failure   Level
a - Magic Dart            Conj           28%        1d4       10%         1

Your spell library contained the following spells:

 Spells                   Type           Power      Damage    Failure   Level
 Call Imp                 Summ           5%         N/A       19%         2
 Slow                     Hex            8%         N/A       21%         1
 Blink                    Tloc           10%        N/A       21%         2
 Conjure Flame            Conj/Fire      5%         6-21      38%         3
 Mephitic Cloud           Conj/Pois/Air  4%         N/A       43%         3


Dungeon Overview and Level Annotations

Branches:
Dungeon (2/15)

Altars:


Innate Abilities, Weirdness & Mutations

You have a small tail.


Message History

Aiming: Magic Dart (safe; 10% risk of failure)
Press: ? - help, Shift-Dir - straight line, f/p - adder
Aim: an adder (moderately wounded, 100% to hit)
The magic dart hits the adder.
The adder is heavily wounded.
You feel sick. The adder barely misses you.
Casting: Magic Dart (safe; 10% risk of failure)
Confirm with . or Enter, or press ? or * to list all spells.
Aiming: Magic Dart (safe; 10% risk of failure)
Press: ? - help, Shift-Dir - straight line, f/p - adder
Aim: an adder (heavily wounded, 100% to hit)
The magic dart hits the adder but does no damage.
The adder is heavily wounded.
You feel sick. The adder bites you.
You are more poisoned.
The adder poisons you!
Casting: Magic Dart (safe; 10% risk of failure)
Confirm with . or Enter, or press ? or * to list all spells.
Aiming: Magic Dart (safe; 10% risk of failure)
Press: ? - help, Shift-Dir - straight line, f/p - adder
Aim: an adder (heavily wounded, 100% to hit)
The magic dart hits the adder.
The adder is heavily wounded.
You feel sick. The adder bites you but does no damage.
You miss the adder.
The adder is heavily wounded.
You feel sick. The adder misses you. The adder bites you.
* * * LOW HITPOINT WARNING * * *
You miss the adder.
The adder is heavily wounded.
* * * LOW HITPOINT WARNING * * *
You feel sick. The adder bites you.
* * * LOW HITPOINT WARNING * * *
You are more poisoned.
The adder poisons you!
You hit the adder.
The adder is almost dead.
* * * LOW HITPOINT WARNING * * *
You feel sick. The adder bites you.
You die...

# ####. #
......###.###.#
#..S@.....#
..........###.#
###########


You could see an adder.

Vanquished Creatures
  A bat (D:1)
  An endoplasm (D:1)
  4 giant cockroaches (D:1)
  A hobgoblin (D:1)
  2 jackals (D:1)
  A ball python (D:1)
  2 frilled lizards (D:1)
  3 goblins (D:1)
  3 kobolds (D:1)
  A rat (D:1)
19 creatures vanquished.

Notes
Turn   | Place    | Note
-------+----------+-------------------------------------------
     0 | D:1      | Prodoman the Demonspawn Hedge Wizard began the quest for
                  | the Orb.
     0 | D:1      | Reached XP level 1. HP: 13/13 MP: 4/4
   298 | D:1      | Gained mutation: You have a small tail. [demonic ancestry]
   298 | D:1      | Reached XP level 2. HP: 14/19 MP: 1/6
   889 | D:2      | Slain by an adder

Illustrated notes

Levels and vault maps discovered:
D:1:      heliophobic_arrival_enchanted_forest, layout_rooms
D:2:      layout_loops_ring, serial_forest, infiniplex_forest_clump_long,
          infiniplex_forest_corner_1, infiniplex_forest_clump_medium,
          infiniplex_forest_end_2, basic_altar, kennysheep_generic_room_7

Skill      XL: |  1 |
---------------+----+-----
Dodging        | 2 |  2.2
Stealth        | |  1.7
Spellcasting   | |  3.2
Conjurations   | |  1.7
Summonings     | |  1.0
Translocations | |  0.9

Action                   || total
-------------------------++-------
Melee: Dagger            ||    27
 Cast: Magic Dart        ||    45
Armor: Robe              ||    12
Dodge: Dodged            ||    10
